 Dungeon Crawl Stone Soup version 0.23-a0-171-g5ae17c6 (webtiles) character file.

371 grindst0ne the Ducker (level 6, -6/63 HPs)
             Began as an Octopode Fighter on Sept 13, 2018.
             Killed by divine providence
             ... invoked by an orc priest
              (13 damage)
             ... on level 3 of the Dungeon.
             The game lasted 00:05:51 (3401 turns).

grindst0ne the Ducker (Octopode Fighter)            Turns: 3401, Time: 00:05:52

Health: -6/63      AC: 23    Str: 17    XL:     6   Next: 71%
Magic:  6/6        EV:  2    Int: 11    God:
Gold:   144        SH:  9    Dex: 11    Spells: 5/5 levels left

rFire    . . .     SeeInvis .   a - +0 war axe
rCold    . . .     Gourm    .   b - +0 shield
rNeg     + + +     Faith    .   (helmet currently unavailable)
rPois    +         Spirit   .   (no amulet)
rElec    .         Reflect  .   g - ring of flight
rCorr    .         Harm     .   h - ring of positive energy
MR       .....     NoTele   +   (no ring)
Stlth    +.........             (no ring)
HPRegen  0.20/turn              (no ring)
MPRegen  0.10/turn              (no ring)
                                (no ring)
                                (no ring)

@: tree-form (expiring)
A: almost no armour, stealthy swim, (amphibious), 8 rings, (constrict 8)
a: no special abilities


You were on level 3 of the Dungeon.
You were hungry.
You were a tree.
You visited 1 branch of the dungeon, and saw 3 of its levels.

You collected 144 gold pieces.

Inventory:

Hand Weapons
 a - a +0 war axe (weapon)
Armour
 b - a +0 shield (worn)
Jewellery
 g - a ring of flight (left branch)
 h - a ring of positive energy (right branch)
Scrolls
 f - a scroll of blinking {unknown}
 j - a scroll of immolation {unknown}
 l - 2 scrolls of noise {unknown}
 m - a scroll of teleportation
Potions
 r - a potion of mutation
Comestibles
 d - 5 rations


   Skills:
 - Level 3.0 Fighting
 + Level 4.2 Axes
 + Level 4.9 Dodging
 + Level 4.8 Shields


You had 5 spell levels left.
You didn't know any spells.
Your spell library was empty.

Dungeon Overview and Level Annotations

Branches:
Dungeon (3/15)

Altars:
Fedhas
Nemelex Xobeh
Vehumet

Annotations:
D:2 Natasha


Innate Abilities, Weirdness & Mutations

You cannot wear most types of armour.
You are very stealthy in the water. (Stealth+)
((You are amphibious.))
You can wear up to eight rings at the same time.
((You can use your tentacles to constrict eight enemies at once.))
((Your skin changes colour to match your surroundings (Stealth+).))
((Your rubbery body absorbs attacks. (AC +1, EV +1)))


Message History

Your shield prevents you from hitting the orc.
The orc is severely wounded.
Your transformation is almost over.
You block the orc's attack.
Your shield prevents you from hitting the orc.
The orc is severely wounded.
You block the orc's attack.
The orc priest invokes the aid of Beogh against you.
Beogh smites you!
* * * LOW HITPOINT WARNING * * *
The orc priest calls upon Beogh to heal the orc.
The orc's wounds heal themselves!
Okay, then.
Okay, then.
You hit the orc.
The orc is moderately wounded.
The orc hits you but does no damage.
The orc priest mumbles some strange prayers to Beogh against you.
Beogh smites you!
You die...

#### #... #.## ######.#
#...##.## #...##...
##################...####.
#.....ooo♣....)...........
#.P.P.############...####.
#P.PPP....# #...# #.
#P._PP....# #...####.
#.PPPP.(..# #........
###oPPP.....########...#####
#......>....................
#.####......#########...####
#....#.......# ########.####


You could see 2 orc priests and an orc.

Vanquished Creatures
  An orc warrior (D:3)
  A jelly (D:1)
  Terence (D:2)
  Natasha (D:2)
  2 orc wizards (D:3)
  A gnoll (D:1)
  3 adders (D:2)
  4 oozes (D:1)
  2 worms
  2 dart slugs
  3 leopard geckos
  11 orcs (D:3)
  8 giant cockroaches
  4 goblins
  2 hobgoblins
  3 jackals (D:1)
  A quokka (D:3)
  5 ball pythons (D:2)
  3 bats
  3 frilled lizards
  7 kobolds
  5 rats
73 creatures vanquished.

Notes
Turn   | Place    | Note
-------+----------+-------------------------------------------
     0 | D:1      | grindst0ne the Octopode Fighter began the quest for the
                  | Orb.
     0 | D:1      | Reached XP level 1. HP: 16/16 MP: 1/1
     1 | D:1      | Found a runed door.
     4 | D:1      | Noticed a jelly
   163 | D:1      | Reached XP level 2. HP: 3/21 MP: 2/2
  1058 | D:1      | Reached XP level 3. HP: 21/26 MP: 3/3
  1060 | D:1      | Reached XP level 4. HP: 25/31 MP: 4/4
  1404 | D:2      | Noticed Natasha
  1409 | D:2      | Killed Natasha
  1409 | D:2      | Reached XP level 5. HP: 5/36 MP: 5/5
  1439 | D:2      | Noticed Natasha
  1918 | D:2      | Noticed Terence
  1925 | D:2      | Killed Terence
  2442 | D:3      | Found a sparkling altar of Nemelex Xobeh.
  2928 | D:3      | Found a radiant altar of Vehumet.
  2955 | D:3      | Reached XP level 6. HP: 12/42 MP: 6/6
  2980 | D:3      | Found a blossoming altar of Fedhas.
  3323 | D:3      | Noticed an orc warrior
  3391 | D:3      | Killed an orc warrior
  3401 | D:3      | Killed from afar by an orc priest

Vault maps used:
D:1:      dpeg_arrival_caged_fury, minmay_crystal_water
D:2:      first_ration, minmay_shallow_snake_nest, uniq_natasha, uniq_terence
D:3:      fedhas_altar_3, old_standard_altar, nemelex_xobeh_ov_fountains_minmay,
          uniq_ijyb

Skill      XL: |  1  2  3  4  5  6 |
---------------+-------------------+-----
Axes           | 3 4 |  4.2
Dodging        | 4 |  4.9
Shields        | 4 |  4.8
Fighting       | |  3.0

Action                   |  1- 3 |  4- 6 || total
-------------------------+-------+-------++-------
Melee: War axe           |    26 |   158 ||   184
       Tentacles         |    10 |    18 ||    28
       Constrict         |     4 |    29 ||    33
  Use: Potion            |     1 |    11 ||    12
       Scroll            |       |     5 ||     5
 Stab: Sleeping          |     3 |       ||     3
       Invisible         |       |     2 ||     2
  Eat: Chunk             |       |     7 ||     7
Armor: Skin              |     5 |    20 ||    25
Dodge: Dodged            |     9 |    48 ||    57
Block: Shield            |    11 |    62 ||    73

Table legend:
 A = Non-vault XP
 B = Vault XP
 C = Vault XP percentage of total XP
 D = Non-vault monster count
 E = Vault monster count
 F = Vault count percentage of total count
                 A         B        C        D         E       F
            +---------+---------+-------+---------+---------+-------
      Total |     345 |     186 |  35.0 |      50 |      23 |  31.5
            +---------+---------+-------+---------+---------+-------
        D:1 |      29 |      95 |  76.6 |       9 |      15 |  62.5
        D:2 |      46 |      91 |  66.4 |      13 |       8 |  38.1
        D:3 |     270 |       0 |   0.0 |      28 |       0 |   0.0
            +---------+---------+-------+---------+---------+-------
